 Dungeon Crawl Stone Soup version 0.28.0-43-g3370ac3207 (webtiles) character file.

Game seed: 10579426942423994736

8111 issech the Basher (level 11, -10/95 (98) HPs)
             Began as a Troll Monk on Mar 30, 2022.
             Was a High Priest of Hepliaklqana.
             Mangled by a sixfirhy (11 damage)
             ... summoned by a kobold demonologist
             ... on level 10 of the Dungeon.
             The game lasted 00:38:12 (9411 turns).

issech the Basher (Troll Monk)                      Turns: 9411, Time: 00:38:16

HP:   -10/95 (98)   AC:  8    Str: 21    XL:     11   Next: 5%
MP:   0/19          EV: 13    Int:  6    God:    Hepliaklqana [*****.]
Gold: 600           SH:  0    Dex: 16    Spells: 10/10 levels left

rFire   + . .      SeeInvis .   E - +2 mace (vorpal)
rCold   x . .      Faith    .   (no shield)
rNeg    . . .      Spirit   +   L - +0 steam dragon scales
rPois   .          Reflect  .   (helmet restricted)
rElec   .          Harm     .   b - +0 cloak
rCorr   .          Rampage  .   (gloves unavailable)
Will    .....                   (boots unavailable)
Stlth   +++.......              G - amulet of guardian spirit
HPRegen 1.05/turn               U - ring of magical power
MPRegen 0.16/turn               x - ring of fire

@: slowed, lightly drained, very slow
A: reduced essence, large, unfitting armour, claws 3, regeneration 1, shaggy fur
1, tough skin 1
a: Renounce Religion, Recall Ancestor, Ancestor Identity, Transference, Idealise


You were on level 10 of the Dungeon.
You worshipped Hepliaklqana.
Hepliaklqana was extremely pleased with you.
You visited 2 branches of the dungeon, and saw 11 of its levels.
You also visited: Sewer and Ossuary.

You collected 600 gold pieces.

Inventory:

Hand Weapons
 a - a +0 morningstar
 w - a +1 flail of protection
 D - a +2 vorpal halberd
 E - a +2 vorpal mace (weapon)
 I - a +2 long sword of venom
 R - a +2 great sword of freezing
 T - a +5 spear
 V - a +0 giant spiked club
Missiles
 c - 168 arrows
 d - 84 bolts
 f - 218 stones
 h - 10 poisoned darts
 q - 11 boomerangs
 u - 2 throwing nets
 v - 51 sling bullets
 B - 3 curare-tipped darts
 N - 3 boomerangs of dispersal
 X - 5 large rocks (quivered)
Armour
 b - a +0 cloak (worn)
 s - the +0 robe of Philately {Fly rPois rC++ Archmagi}
   (You found it on level 7 of the Dungeon)

   rC:        It greatly protects you from cold.
   rPois:     It protects you from poison.
   Fly:       It grants you flight.
   Archmagi:  It increases the power of your magical spells.
 L - +0 steam dragon scales (worn)
Magical Staves
 j - a staff of earth
Jewellery
 x - a ring of fire (right claw)
 y - an amulet of the acrobat
 G - an amulet of guardian spirit (around neck)
 U - a ring of magical power (left claw)
Wands
 M - a wand of iceblast (8)
 Q - a wand of flame (20)
Scrolls
 g - a scroll of fear
 i - 4 scrolls of vulnerability
 l - 5 scrolls of blinking
 m - 4 scrolls of noise
 t - 5 scrolls of teleportation
 z - 2 scrolls of amnesia
 F - a scroll of immolation {unknown}
 H - a scroll of fog {unknown}
 W - a scroll of enchant weapon {unknown}
Potions
 e - 4 potions of heal wounds {unknown}
 k - a potion of mutation {unknown}
 n - a potion of brilliance {unknown}
 o - 2 potions of resistance {unknown}
 p - 3 potions of might {unknown}
 r - a potion of berserk rage
 A - 3 potions of attraction {unknown}
 J - 3 potions of curing {unknown}
 K - 3 potions of lignification {unknown}
 P - a potion of invisibility {unknown}


   Skills:
 + Level 7.3 Fighting
 + Level 10.6 Maces & Flails
 + Level 1.4 Throwing
 + Level 6.9 Dodging
 + Level 4.2 Stealth


You had 10 spell levels left.
You didn't know any spells.
Your spell library contained the following spells:

 Spells                   Type           Power      Damage    Failure   Level
 Static Discharge         Conj/Air       0%         N/A       58%         2
 Ozocubu's Armour         Ice            0%         N/A       83%         3
 Tukima's Dance           Hex            0%         N/A       83%         3
 Animate Armour           Summ/Erth      0%         N/A       99%         4
 Dispel Undead            Necr           0%         3d6       99%         4
 Passage of Golubria      Tloc           0%         N/A       99%         4
 Sticky Flame             Conj/Fire      0%         2d3       99%         4
 Blade Hands              Tmut           0%         N/A       100%        5
 Yara's Violent Unravell  Hex/Tmut       0%         3d3       100%        5
 Iron Shot                Conj/Erth      0%         9d1       100%        6
 Ozocubu's Refrigeration  Ice            0%         4d5       100%        7


Dungeon Overview and Level Annotations

Branches:
Dungeon (10/15)            Temple (1/1) D:4            Lair (0/6) D:9
  Sewer (visited)         Ossuary (visited)
    Orc: D:9-12

Altars:
Ashenzari
Cheibriados
Dithmenos
Elyvilon
Fedhas
Gozag
Hepliaklqana
Kikubaaqudgha
Makhleb
Nemelex Xobeh
Okawaru
Qazlal
Ru
Sif Muna
Trog
Uskayaw
Vehumet
Wu Jian
Xom
Yredelemnul
Zin
The Shining One
Ignis

Annotations:
D:5 2 transporters


Innate Abilities, Weirdness & Mutations

Your life essence is reduced to manifest your ancestor. (-10% HP)
You are too large for most types of armour.
You have claws for hands.
Your natural rate of healing is unusually fast.
You are covered in fur. (AC +1)
You have tough skin. (AC +1)


Message History

The kobold demonologist is lightly wounded.
The ufetubus hits you.
The ufetubus hits you but does no damage.
The chaos spawn closely misses you. x2
The kobold demonologist hits you with a +0 dagger.
You hit the kobold demonologist but do no damage.
The kobold demonologist is lightly wounded.
The ufetubus misses you. x2; The chaos spawn closely misses you.
The ufetubus barely misses you. The ufetubus hits you.
The chaos spawn gores you but does no damage.
You miss the kobold demonologist.
The kobold demonologist is lightly wounded.
The kobold demonologist mumbles some strange words.
The ufetubus misses you. The ufetubus barely misses you.
The shadow imp spits at you. The chaos spawn barely misses you.
You sock the kobold demonologist!
The kobold demonologist is heavily wounded.
The ufetubus barely misses you. x2; The chaos spawn closely misses you.
The kobold demonologist hits you but does no damage.
The chaos spawn misses you.
You closely miss the kobold demonologist.
The kobold demonologist is heavily wounded.
The sixfirhy hits you. The sixfirhy shocks you! The sixfirhy hits you.
The sixfirhy shocks you! The chaos spawn closely misses you.
The iron imp closely misses you. The kobold demonologist misses you.
The sixfirhy hits you but does no damage.
You hit the kobold demonologist but do no damage.
The kobold demonologist is heavily wounded.
The sixfirhy hits you!
* * * LOW HITPOINT WARNING * * *
The sixfirhy shocks you!
* * * LOW HITPOINT WARNING * * *
The sixfirhy hits you but does no damage.
The chaos spawn hits you!
* * * LOW HITPOINT WARNING * * *
You feel yourself slow down. The sixfirhy hits you.
* * * LOW HITPOINT WARNING * * *
The sixfirhy shocks you!
You die...

... ... ... #..# # #.# #..# ..
... # #..# ####+###..# #.# ##
#..#####...5...#. #.####.
#..... +...K...#. #.##... #.).#
#..@35..#.####.##.#.
#...####.544...+.........##
###........(.....#..###.#####
#....###.........##.###'###
#.#.####...########.#.....#
...#.#......########.......#
.....#.#......##...).##......#
......#.#......##.....##......#
......#.#......##.............#


You could see a kobold demonologist, a sixfirhy (summoned), 2 chaos spawn, an
iron imp (summoned), a shadow imp (summoned) and an ufetubus (summoned).

Vanquished Creatures
  A two-headed ogre (D:9)
  Prince Ribbit (D:5)
  5 yaks (D:8)
  A steam dragon (D:7)
  2 orc warriors
  A black bear (D:9)
  A centaur (D:8)
  2 ogres
  3 phantoms
  A kobold brigand (D:7)
  A gnoll sergeant (D:9)
  2 bullfrogs (D:9)
  A water moccasin zombie (D:5)
  3 killer bees (D:9)
  Dowan (D:4)
  3 wights (D:8)
  A howler monkey (D:8)
  2 centaur zombies
  A hound (D:7)
  A bullfrog zombie (D:5)
  An orc priest (D:6)
  A centaur skeleton (D:7)
  2 iguanas
  Terence (D:2)
  4 orc wizards
  A hound skeleton (D:5)
  4 mummies
  9 gnolls
  4 adders
  A worm (D:2)
  A dart slug (D:2)
  10 orcs
  7 endoplasms
  2 giant cockroaches
  7 goblins
  2 hobgoblins
  A quokka (D:2)
  6 ball pythons (D:1)
  8 bats
  A goblin zombie (D:7)
  2 hobgoblin zombies (Ossuary)
  13 kobolds
  2 kobold zombies (Ossuary)
  An orc zombie (D:7)
  4 rats (D:1)
129 creatures vanquished.

Vanquished Creatures (collateral kills)
  2 two-headed ogres
  A cyclops (D:9)
  Maggie (D:7)
  2 wraiths
  2 yaks
  Menkaure (D:5)
  A water moccasin (Sewer)
  A hornet zombie (D:7)
  3 orc warriors
  Duvessa (D:4)
  An ice beast (D:5)
  2 black bears (D:5)
  A sky beast (D:7)
  2 kobold brigands
  2 gnoll sergeants
  2 scorpions
  A water moccasin skeleton (D:6)
  2 wights (D:8)
  A howler monkey (D:8)
  A bullfrog zombie (D:5)
  A centaur zombie (D:8)
  A hound (D:5)
  3 orc priests
  2 jellies (D:5)
  7 orc wizards
  An iguana (D:6)
  A hound skeleton (D:4)
  A howler monkey skeleton (D:6)
  3 adders (D:5)
  8 gnolls
  An ufetubus (D:5)
  An adder skeleton (D:4)
  2 worms (D:3)
  14 orcs
  A ball python (D:4)
  2 endoplasms
  5 bats
  A frilled lizard (D:3)
  A gnoll zombie (Ossuary)
  2 goblin zombies (Ossuary)
  2 hobgoblin zombies (Ossuary)
  7 kobolds
  A kobold zombie (Ossuary)
  A rat (D:3)
99 creatures vanquished.

Vanquished Creatures (others)
  4 battlemagi
  4 fungi (D:9)
  7 plants (D:9)
15 creatures vanquished.

Grand Total: 243 creatures vanquished

Notes
Turn   | Place    | Note
-------+----------+-------------------------------------------
     0 | D:1      | issech the Troll Monk began the quest for the Orb.
     0 | D:1      | Reached XP level 1. HP: 22/22 MP: 0/0
   287 | D:1      | Reached XP level 2. HP: 29/29 MP: 1/1
   385 | D:1      | Reached skill level 3 in Maces & Flails
  1087 | D:2      | Reached XP level 3. HP: 28/36 MP: 2/2
  1484 | D:2      | Noticed Terence
  1540 | D:2      | Killed Terence
  1541 | D:2      | Reached XP level 4. HP: 38/44 MP: 3/3
  2307 | D:3      | Found a hazy altar of Hepliaklqana.
  2316 | D:3      | Became a worshipper of Hepliaklqana the Forgotten
  2316 | D:3      | Reached * piety under Hepliaklqana
  2316 | D:3      | Reached ** piety under Hepliaklqana
  2317 | D:3      | Remembered your ancestor Nammahani as a battlemage
  2318 | D:3      | Reached XP level 5. HP: 47/47 MP: 4/4
  2657 | D:3      | Reached skill level 4 in Maces & Flails
  2668 | D:3      | Found a glowing drain.
  2687 | Sewer    | Entered a sewer
  2728 | Sewer    | Noticed a water moccasin
  2738 | Sewer    | Killed a water moccasin
  2739 | Sewer    | Reached XP level 6. HP: 31/54 MP: 5/5
  2944 | D:3      | Found a faded altar of an unknown god.
  3117 | D:4      | Found a radiant altar of Vehumet.
  3170 | D:4      | Found a staircase to the Ecumenical Temple.
  3194 | Temple   | Entered the Ecumenical Temple
  3305 | D:4      | Found a bloodstained altar of Trog.
  3316 | D:4      | Noticed Duvessa
  3318 | D:4      | Noticed Dowan
  3322 | D:4      | Killed Duvessa
  3332 | D:4      | Killed Dowan
  3699 | D:4      | Found an ornate altar of the Wu Jian Council.
  3706 | D:4      | Noticed a spectral centipede
  3706 | D:4      | Noticed a spectral black mamba
  3706 | D:4      | Noticed a spectral cane toad
  3727 | D:4      | Reached XP level 7. HP: 59/63 MP: 6/6
  3799 | D:4      | Reached *** piety under Hepliaklqana
  4135 | D:5      | Entered Level 5 of the Dungeon
  4188 | D:5      | Reached skill level 5 in Maces & Flails
  4234 | D:5      | Identified the +0 helmet of Cushriog {Int+3}
  4319 | D:5      | Reached skill level 6 in Maces & Flails
  4354 | D:5      | Identified the +1 chain mail of the Ant {Str+4}
  4358 | D:5      | Reached XP level 8. HP: 57/71 MP: 7/7
  4535 | D:5      | Noticed Menkaure
  4537 | D:5      | Noticed Prince Ribbit
  4542 | D:5      | Killed Menkaure
  4559 | D:5      | Killed Prince Ribbit
  4619 | D:5      | Found a transporter.
  4654 | D:5      | Reached skill level 5 in Fighting
  4705 | D:5      | Found a transporter.
  4983 | D:6      | Reached skill level 7 in Maces & Flails
  4992 | D:6      | Reached skill level 5 in Dodging
  5241 | D:6      | Reached XP level 9. HP: 72/79 MP: 8/8
  5266 | D:6      | Identified the +0 pair of gloves of the Ward {Harm Will+
                  | SInv}
  5285 | D:6      | Found a shadowy altar of Dithmenos.
  5521 | D:7      | Identified the +0 robe of Philately {Fly rPois rC++
                  | Archmagi}
  5628 | D:7      | Found a sand-covered staircase.
  5636 | Ossuary  | Entered an ossuary
  5697 | Ossuary  | Reached **** piety under Hepliaklqana
  5799 | Ossuary  | Reached skill level 8 in Maces & Flails
  6234 | D:7      | Noticed Maggie
  6240 | D:7      | Killed Maggie
  6551 | D:6      | HP: 4/80 [orc warrior/+2 scimitar of protection (18)]
  7141 | D:8      | Found a broken altar of Ashenzari.
  7260 | D:8      | Reached skill level 9 in Maces & Flails
  7557 | D:8      | Reached XP level 10. HP: 88/88 MP: 9/9
  7695 | D:8      | Found an ancient bone altar of Kikubaaqudgha.
  7734 | D:8      | Found a snail-covered altar of Cheibriados.
  7734 | D:8      | Found a sparkling altar of Nemelex Xobeh.
  8036 | D:9      | Noticed a cyclops
  8045 | D:9      | Killed a cyclops
  8126 | D:9      | Noticed a two-headed ogre
  8130 | D:9      | Killed a two-headed ogre
  8136 | D:9      | Reached skill level 10 in Maces & Flails
  8137 | D:9      | Noticed a two-headed ogre
  8274 | D:9      | Found a shimmering blue altar of Sif Muna.
  8289 | D:9      | Killed a two-headed ogre
  8304 | D:9      | Reached skill level 1 in Throwing
  8543 | D:9      | Reached ***** piety under Hepliaklqana
  9030 | D:9      | Found a staircase to the Lair.
  9179 | D:10     | Entered Level 10 of the Dungeon
  9179 | D:10     | Noticed a two-headed ogre
  9184 | D:10     | Killed a two-headed ogre
  9185 | D:10     | Reached XP level 11. HP: 91/98 MP: 10/10
  9409 | D:10     | Noticed a sixfirhy
  9411 | D:10     | HP: 1/95 [sixfirhy[a kobold demonologist] (4)]
  9411 | D:10     | Mangled by a sixfirhy

Illustrated notes

Levels and vault maps discovered:
D:1:      scummos_arrival_star, layout_basic
D:2:      layout_basic, uniq_terence
D:3:      layout_basic, mainiacjoe_overflow_cross_hatched,
          cheibrodos_sewer_entry_bend, ebering_ecumenical_altar_rust
D:4:      layout_basic, pdpol_wu_jian_five_deadly_venoms, lemuel_doored_altar,
          mainiacjoe_overflow_alcove_2, minmay_temple_entry_grid, uniq_duvessa
D:5:      gammafunk_steamed_eel, layout_cave_pools, uniq_menkaure,
          uniq_prince_ribbit1
D:6:      layout_rooms, grunt_dithmenos_smoke_and_mirrors, st_stairs_7
D:7:      layout_rooms, nicolae_ossuary_entry_giza, uniq_maggie
D:8:      layout_loops_corners, mainiacjoe_overflow_six_doors_small,
          grunt_temple_overflow_open
D:9:      layout_gridville, amcnicky_altar_gilded,
          grunt_lair_entry_orc_guard_hut
D:10:     layout_basic, minmay_misc_feat_room, nicolae_figureground_pulse,
          uniq_urug
Temple:   pdpol_scorched_temple

Skill      XL: |  1  2  3  4  5  6  7  8  9 10 |
---------------+-------------------------------+-----
Maces & Flails | 3 4 6 7 9 10 | 10.6
Fighting       | 3 4 5 6 7 |  7.3
Dodging        | 3 4 5 6 |  6.9
Stealth        | 2 3 4 |  4.2
Throwing       | 1 |  1.4

Action                   |  1- 3 |  4- 6 |  7- 9 | 10-12 || total
-------------------------+-------+-------+-------+-------++-------
Melee: Mace              |   136 |    87 |   207 |   130 ||   560
       Punch             |     4 |     1 |     6 |     3 ||    14
       Flail             |       |       |    23 |       ||    23
       Giant club        |       |       |    46 |       ||    46
Throw: Stone             |     6 |     2 |     2 |     3 ||    13
       Boomerang         |       |       |     1 |       ||     1
       Large rock        |       |       |       |    10 ||    10
Invok: Ancestor Life: Ba |       |     1 |       |       ||     1
  Use: Scroll            |       |       |     7 |     1 ||     8
 Stab: Sleeping          |     3 |     1 |     6 |     1 ||    11
       Distracted        |       |       |     4 |     3 ||     7
Armor: Robe              |    55 |    34 |    38 |       ||   127
       Steam dragon scal |       |       |    34 |    47 ||    81
Dodge: Dodged            |   100 |    60 |   171 |   110 ||   441
